Mustangs vs Little Stars
(R2)
Created - May 21, 2018 at 22:20
Goals
|
| Mustangs |
3 |
2 |
2 |
7 |
| Little Stars |
2 |
1 |
1 |
4 |
|
Shots
|
| Mustangs |
11 |
17 |
19 |
47 |
| Little Stars |
11 |
9 |
9 |
29 |
|
1st period
1. Mustangs , Marcus Foligno 13 (Josh Jooris 19) at 3:48
2. Mustangs , Riley Sheahan 10 (Marcus Foligno 12, Josh Jooris 20) at 13:59
3. Mustangs , Riley Sheahan 11 (Marcus Foligno 13) at 16:32 (PP)
4. Little Stars , Dana Tyrell 3 (Cam Atkinson 6) at 18:01
5. Little Stars , Jesse Joensuu 3 (Alex Chiasson 6, Brian Flynn 14) at 18:15
Penalties :
Curtis Hamilton (Ham) for Elbowing (Minor) at 7:45, Dana Tyrell (Tex) for Interference (Minor) at 16:27, Cameron Gaunce (Ham) for Roughing (Minor) at 18:37
2nd period
6. Mustangs , Mika Zibanejad 6 (Tomas Tatar 6, Denis Bodrov 8) at 9:14
7. Little Stars , Jesper Fast 3 (Tyson Barrie 3) at 12:00
8. Mustangs , Marcus Foligno 14 (Riley Sheahan 13) at 15:28 (PP)
Penalties :
Andreas Athanasiou (Ham) for Hooking (Minor) at 4:18, Jesse Joensuu (Tex) for Tripping (Minor) at 9:26, Jesse Joensuu (Tex) for Hooking (Minor) at 14:10, Andrew Shaw (Ham) for Hooking (Minor) at 16:11
3rd period
9. Little Stars , Daniel O'regan 1 (Phil Oreskovic 4, Jesper Fast 4) at 1:17
10. Mustangs , Jerome Samson 3 (Andreas Athanasiou 1) at 5:14
11. Mustangs , Cameron Gaunce 5 (Andrew Shaw 6, Tomas Tatar 7) at 17:47 (PP)
Penalties :
Jesse Joensuu (Tex) for Hooking (Minor) at 1:27, Alexei Marchenko (Ham) for Hooking (Minor) at 10:26, Mark Pysyk (Ham) for Holding (Minor) at 13:16, Michael Mersch (Tex) for Tripping (Minor) at 17:11
Goalie Stats
Peter Mannino (Ham), 25 saves from 29 shots - (0.862), W, 7-4-0, 60:00 minutes
Jhonas Enroth (Tex), 11 saves from 15 shots - (0.733), 29:14 minutes
Peter Delmas (Tex), 29 saves from 32 shots - (0.906), L, 1-2-0, 30:46 minutes
Players Stats for Mustangs
Player Name G A P +/- PIM S H SB GA TA FO MP PP MP PK MP
------------------------------------------------------------------------------------
Alexei Marchenko 0 0 0 0 2 1 2 0 0 0 0/0 11:27 0:00 0:00
Andreas Athanasiou 0 1 1 0 2 1 1 1 0 0 0/5 10:03 0:00 0:00
Andrew Shaw 0 1 1 -1 2 1 4 1 1 0 0/0 14:04 2:43 0:00
Cameron Gaunce 1 0 1 -1 2 7 0 0 1 0 0/0 27:38 4:20 6:08
Curtis Hamilton 0 0 0 0 2 0 2 0 0 0 0/0 6:16 0:00 0:00
Denis Bodrov 0 1 1 1 0 0 2 2 0 0 0/0 20:54 1:37 5:41
Derek Joslin 0 0 0 -1 0 2 1 2 1 2 0/0 30:09 4:20 7:55
Francis Paré 0 0 0 0 0 2 0 1 0 0 0/0 5:56 0:00 0:00
Jerome Samson 1 0 1 0 0 3 3 0 0 0 0/0 10:00 0:00 0:00
Josh Jooris 0 2 2 1 0 6 1 1 0 1 0/2 17:10 3:14 0:00
Joshua Leivo 0 0 0 0 0 1 0 0 0 1 0/0 10:03 0:00 0:02
Marcus Foligno 2 2 4 1 0 4 5 0 0 0 2/3 24:50 3:14 7:01
Mark Pysyk 0 0 0 1 2 0 5 1 0 1 0/0 18:19 1:37 3:31
Mika Zibanejad 1 0 1 -1 0 6 0 1 0 0 1/9 15:07 2:43 1:02
Rick Schofield 0 0 0 0 0 2 2 1 0 0 2/6 10:10 0:00 3:47
Riley Sheahan 2 1 3 1 0 7 0 1 0 0 23/46 24:53 3:14 7:05
Scott Mayfield 0 0 0 0 0 1 1 1 0 0 0/0 12:00 0:00 0:33
Tomas Tatar 0 2 2 -1 0 3 3 0 0 0 0/1 19:01 2:43 4:51
Players Stats for Little Stars
Player Name G A P +/- PIM S H SB GA TA FO MP PP MP PK MP
------------------------------------------------------------------------------------
Alex Chiasson 0 1 1 0 0 5 0 1 0 0 3/9 24:40 6:40 3:55
Alexander Vasyunov 0 0 0 0 0 0 0 0 0 0 0/0 11:32 0:00 0:30
Andrej Sustr 0 0 0 -2 0 0 1 0 0 0 0/0 11:47 0:00 0:00
Brian Flynn 0 1 1 0 0 3 0 0 0 0 25/42 22:00 6:40 1:32
Cam Atkinson 0 1 1 -2 0 1 2 0 0 0 0/0 19:30 5:11 4:04
Dana Tyrell 1 0 1 -2 2 2 0 0 0 0 4/6 15:09 5:11 0:00
Daniel O'regan 1 0 1 2 0 1 0 0 0 0 4/4 6:42 0:00 0:00
Hugh Jessiman 0 0 0 0 0 2 1 0 0 0 2/4 12:58 0:03 1:32
Jesper Fast 1 1 2 2 0 3 0 1 1 0 1/1 7:06 0:03 0:00
Jesse Joensuu 1 0 1 0 6 3 3 0 1 0 1/1 20:42 6:40 0:00
Jordie Benn 0 0 0 0 0 0 0 0 0 0 0/0 18:33 4:08 2:35
Mathieu Perreault 0 0 0 0 0 1 0 0 1 0 3/4 11:26 0:03 0:00
Michael Mersch 0 0 0 2 2 0 1 0 0 0 0/0 7:03 0:00 0:21
Niklas Hjalmarsson 0 0 0 2 0 2 2 2 1 3 0/0 29:40 7:46 3:22
Phil Oreskovic 0 1 1 2 0 4 3 1 1 0 0/0 29:40 7:46 3:22
Robert Klinkhammer 0 0 0 -2 0 0 0 0 0 0 1/1 15:10 5:11 0:00
Tyson Barrie 0 1 1 -2 0 1 0 0 0 0 0/0 11:47 0:00 0:00
Yannick Weber 0 0 0 0 0 1 0 1 0 0 0/0 18:33 4:08 2:35
3 Stars
1 - Marcus Foligno (Ham)
2 - Riley Sheahan (Ham)
3 - Jesper Fast (Tex)
Power Play
Mustangs - 3 on 5 Attempt(s) - 60.00%
Little Stars - 0 on 6 Attempt(s) - 0.00%
Penalty Kill
Mustangs - 6 on 6 Attempt(s) - 100.00%
- Score 0 goal in Penalty Kill
Little Stars - 2 on 5 Attempt(s) - 40.00%
- Score 0 goal in Penalty Kill
Team Stat
Mustangs - Hits : 32 - Faceoff Wins : 28 - Blocked Shots : 13 - Penalty Minutes : 12
Little Stars - Hits : 13 - Faceoff Wins : 44 - Blocked Shots : 6 - Penalty Minutes : 10
Official
Referees : Lee Chris and Walsh Ian
Linesman : Pierre Racicot and Thor Nelson
Game Notes
Peter Delmas enters game at 9:14 of 2nd period
Finance
Level 1 -- Attendance: 2000 (100.00%) -- Ticket Income $80,000
Level 2 -- Attendance: 1000 (100.00%) -- Ticket Income $20,000
Total Attendance: 3000 (100.00%)
Total Ticket Income: $100,000
Other Income: $5,000
Total Income: $105,000
Mustangs
5 vs 5 Forward
Center Left Wing Right Wing Time % Phy DF OF
1 Riley Sheahan Marcus Foligno Josh Jooris 40 1 2 2
2 Mika Zibanejad Tomas Tatar Andrew Shaw 30 1 2 2
3 Andreas Athanasiou Joshua Leivo Jerome Samson 20 1 2 2
4 Rick Schofield Curtis Hamilton Francis Paré 10 1 2 2
5 vs 5 Defense
Defense Defense Time % Phy DF OF
1 Cameron Gaunce Derek Joslin 44 1 2 2
2 Denis Bodrov Mark Pysyk 33 1 2 2
3 Alexei Marchenko Scott Mayfield 23 1 2 2
4 Cameron Gaunce Derek Joslin 0 1 2 2
PowerPlay Forward
Center Left Wing Right Wing Time % Phy DF OF
1 Riley Sheahan Marcus Foligno Josh Jooris 60 1 2 2
2 Mika Zibanejad Tomas Tatar Andrew Shaw 40 1 2 2
PowerPlay Defense
Defense Defense Time % Phy DF OF
1 Cameron Gaunce Derek Joslin 60 1 2 2
2 Denis Bodrov Mark Pysyk 40 1 2 2
Penalty Kill 4 Players Forward
Center Wing Time % Phy DF OF
1 Riley Sheahan Marcus Foligno 60 1 2 2
2 Rick Schofield Tomas Tatar 40 1 2 2
Penalty Kill 4 Players Defense
Defense Defense Time % Phy DF OF
1 Cameron Gaunce Derek Joslin 60 1 2 2
2 Denis Bodrov Mark Pysyk 40 1 2 2
Penalty Kill - 3 Players Forward
Forward Time % Phy DF OF
1 Riley Sheahan 60 1 2 2
2 Mika Zibanejad 40 1 2 2
Penalty Kill - 3 Players Defense
Defense Defense Time % Phy DF OF
1 Cameron Gaunce Derek Joslin 60 1 2 2
2 Denis Bodrov Mark Pysyk 40 1 2 2
4 vs 4 Forward
Center Wing Time % Phy DF OF
1 Riley Sheahan Marcus Foligno 60 1 2 2
2 Mika Zibanejad Tomas Tatar 40 1 2 2
4 vs 4 Defense
Defense Defense Time % Phy DF OF
1 Cameron Gaunce Derek Joslin 60 1 2 2
2 Denis Bodrov Mark Pysyk 40 1 2 2
Last Minutes Offensive
Center Left Wing Right Wing Defense Defense
Riley Sheahan Marcus Foligno Josh Jooris Cameron Gaunce Derek Joslin
Last Minutes Defensive
Center Left Wing Right Wing Defense Defense
Riley Sheahan Marcus Foligno Josh Jooris Cameron Gaunce Derek Joslin
Goaltenders
Starting : Peter Mannino
Backup : Chet Pickard
Extra Forwards
Normal : Riley Sheahan, Mika Zibanejad, Rick Schofield - PP : Mika Zibanejad, Riley Sheahan - PK : Marcus Foligno
Extra Defensemen
Normal : Derek Joslin, Mark Pysyk, Cameron Gaunce - PP : Derek Joslin - PK : Denis Bodrov, Cameron Gaunce
Penalty Shots
Riley Sheahan, Mika Zibanejad, Andrew Shaw, Marcus Foligno, Josh Jooris
Scratches
Roman Horak (Healthy), Brady Skjei (Sore Right Knee Injury), Dominik Uher (Healthy), Joe Finley (Healthy), Eric Knodel (Healthy)
Matthew Finn (Healthy), Danny Biega (Healthy), Jim O'Brien (Healthy), Raphael Bussieres (Healthy), Sam Kurker (Healthy)
Max Gortz (Healthy), Riley Nash (Healthy), Justin Peters (Healthy), Joacim Eriksson (Healthy)
Little Stars
5 vs 5 Forward
Center Left Wing Right Wing Time % Phy DF OF
1 Brian Flynn Jesse Joensuu Alex Chiasson 40 1 2 2
2 Dana Tyrell Robert Klinkhammer Cam Atkinson 30 1 2 2
3 Mathieu Perreault Alexander Vasyunov Hugh Jessiman 20 1 2 2
4 Daniel O'regan Michael Mersch Jesper Fast 10 1 2 2
5 vs 5 Defense
Defense Defense Time % Phy DF OF
1 Niklas Hjalmarsson Phil Oreskovic 40 1 2 2
2 Yannick Weber Jordie Benn 30 1 2 2
3 Andrej Sustr Tyson Barrie 30 1 2 2
4 Niklas Hjalmarsson Phil Oreskovic 0 1 2 2
PowerPlay Forward
Center Left Wing Right Wing Time % Phy DF OF
1 Brian Flynn Jesse Joensuu Alex Chiasson 60 1 2 2
2 Dana Tyrell Robert Klinkhammer Cam Atkinson 40 1 2 2
PowerPlay Defense
Defense Defense Time % Phy DF OF
1 Niklas Hjalmarsson Phil Oreskovic 60 1 2 2
2 Yannick Weber Jordie Benn 40 1 2 2
Penalty Kill 4 Players Forward
Center Wing Time % Phy DF OF
1 Alex Chiasson Cam Atkinson 60 1 2 2
2 Brian Flynn Hugh Jessiman 40 1 2 2
Penalty Kill 4 Players Defense
Defense Defense Time % Phy DF OF
1 Niklas Hjalmarsson Phil Oreskovic 60 1 2 2
2 Yannick Weber Jordie Benn 40 1 2 2
Penalty Kill - 3 Players Forward
Forward Time % Phy DF OF
1 Alex Chiasson 60 1 2 2
2 Cam Atkinson 40 1 2 2
Penalty Kill - 3 Players Defense
Defense Defense Time % Phy DF OF
1 Niklas Hjalmarsson Phil Oreskovic 60 1 2 2
2 Yannick Weber Jordie Benn 40 1 2 2
4 vs 4 Forward
Center Wing Time % Phy DF OF
1 Alex Chiasson Cam Atkinson 60 1 2 2
2 Brian Flynn Hugh Jessiman 40 1 2 2
4 vs 4 Defense
Defense Defense Time % Phy DF OF
1 Niklas Hjalmarsson Phil Oreskovic 60 1 2 2
2 Yannick Weber Jordie Benn 40 1 2 2
Last Minutes Offensive
Center Left Wing Right Wing Defense Defense
Brian Flynn Jesse Joensuu Alex Chiasson Niklas Hjalmarsson Phil Oreskovic
Last Minutes Defensive
Center Left Wing Right Wing Defense Defense
Brian Flynn Jesse Joensuu Alex Chiasson Niklas Hjalmarsson Phil Oreskovic
Goaltenders
Starting : Jhonas Enroth
Backup : Peter Delmas
Extra Forwards
Normal : Mathieu Perreault, Jesper Fast, Alexander Vasyunov - PP : Mathieu Perreault, Jesper Fast - PK : Alexander Vasyunov
Extra Defensemen
Normal : Andrej Sustr, Tyson Barrie, Yannick Weber - PP : Andrej Sustr - PK : Tyson Barrie, Yannick Weber
Penalty Shots
Alex Chiasson, Cam Atkinson, Brian Flynn, Hugh Jessiman, Dana Tyrell
Scratches
Scott Harrington (Healthy), Reece Willcox (Healthy), Ville Pokka (Healthy), Tyler Wotherspoon (Healthy), Alexander Khokhlachev (Healthy)
Anthony Camara (Healthy), Daniel Catenacci (Healthy), Duncan Siemens (Healthy), Dillon Simpson (Healthy), Scott Kosmachuck (Healthy)
Shawn Matthias (Healthy), Anthony Stolarz (Healthy)
% Time on Ice - Mustangs
Lines # - Real PCT - Wanted PCT - Time Play
Normal Forward
1 - 34% - 40% - 14:25
2 - 28% - 30% - 11:48
3 - 24% - 20% - 10:00
4 - 14% - 10% - 5:56
Normal Defense
1 - 43% - 44% - 18:10
2 - 30% - 33% - 12:32
3 - 27% - 23% - 11:27
4 - 0% - 0% - 0:00
PP Forward
1 - 54% - 60% - 3:14
2 - 46% - 40% - 2:43
PP Defense
1 - 73% - 60% - 4:20
2 - 27% - 40% - 1:37
PK Forward
1 - 68% - 60% - 8:07
2 - 32% - 40% - 3:47
PK Defense
1 - 63% - 60% - 7:28
2 - 37% - 40% - 4:26
PK3 Forward
1 - 0% - 60%
2 - 0% - 40%
PK3 Defense
1 - 0% - 60%
2 - 0% - 40%
44 Forward
1 - 0% - 60%
2 - 0% - 40%
44 Defense
1 - 0% - 60%
2 - 0% - 40%
Last Minute Offensive - 0:00
Last Minute Defensive - 0:00
Total
Forward - 60:00
Defense - 60:00
|
% Time on Ice - Little Stars
Lines # - Real PCT - Wanted PCT - Time Play
Normal Forward
1 - 34% - 40% - 14:26
2 - 24% - 30% - 9:59
3 - 26% - 20% - 11:02
4 - 16% - 10% - 6:42
Normal Defense
1 - 44% - 40% - 18:32
2 - 28% - 30% - 11:50
3 - 28% - 30% - 11:47
4 - 0% - 0% - 0:00
PP Forward
1 - 56% - 60% - 6:43
2 - 44% - 40% - 5:11
PP Defense
1 - 65% - 60% - 7:46
2 - 35% - 40% - 4:08
PK Forward
1 - 74% - 60% - 4:25
2 - 26% - 40% - 1:32
PK Defense
1 - 57% - 60% - 3:22
2 - 43% - 40% - 2:35
PK3 Forward
1 - 0% - 60%
2 - 0% - 40%
PK3 Defense
1 - 0% - 60%
2 - 0% - 40%
44 Forward
1 - 0% - 60%
2 - 0% - 40%
44 Defense
1 - 0% - 60%
2 - 0% - 40%
Last Minute Offensive - 0:00
Last Minute Defensive - 0:00
Total
Forward - 60:00
Defense - 60:00
|
Play by Play
1st period
0:01 of 1st period - Riley Sheahan wins face-off versus Brian Flynn in neutral zone.
0:16 of 1st period - Snap shot by Marcus Foligno.
0:16 of 1st period - Stopped by Jhonas Enroth without a rebound.
0:17 of 1st period - Mika Zibanejad wins face-off versus Dana Tyrell in Little Stars zone.
0:39 of 1st period - Icing by Cam Atkinson.
0:40 of 1st period - Mathieu Perreault wins face-off versus Andreas Athanasiou in Little Stars zone.
0:40 of 1st period - Mathieu Perreault is hit by Jerome Samson.
0:51 of 1st period - Icing by Hugh Jessiman.
0:52 of 1st period - Hugh Jessiman wins face-off versus Rick Schofield in Little Stars zone.
0:57 of 1st period - Snap shot by Alexander Vasyunov.
0:57 of 1st period - Shot Misses the Net.
2:01 of 1st period - Andrej Sustr is hit by Tomas Tatar and loses puck.
2:12 of 1st period - Slapshot by Tyson Barrie.
2:12 of 1st period - Deflect By Mark Pysyk.
2:12 of 1st period - Stopped by Peter Mannino without a rebound.
2:13 of 1st period - Jesper Fast wins face-off versus Andreas Athanasiou in Mustangs zone.
2:51 of 1st period - Snap shot by Joshua Leivo.
2:51 of 1st period - Shot Blocked by Niklas Hjalmarsson.
3:01 of 1st period - Wrist shot by Jesper Fast.
3:01 of 1st period - Shot Blocked by Andreas Athanasiou.
3:03 of 1st period - Slapshot by Phil Oreskovic.
3:03 of 1st period - Deflect By Denis Bodrov.
3:03 of 1st period - Stopped by Peter Mannino without a rebound.
3:04 of 1st period - Brian Flynn wins face-off versus Josh Jooris in Mustangs zone.
3:31 of 1st period - Dana Tyrell is hit by Andrew Shaw and loses puck.
3:40 of 1st period - Backhand shot by Mika Zibanejad.
3:40 of 1st period - Stopped by Jhonas Enroth without a rebound.
3:41 of 1st period - Brian Flynn wins face-off versus Riley Sheahan in Little Stars zone.
3:48 of 1st period - Snap shot by Marcus Foligno.
3:48 of 1st period - Goal by Marcus Foligno - Mustangs : 1 - Little Stars : 0.
3:49 of 1st period - Riley Sheahan wins face-off versus Brian Flynn in neutral zone.
4:04 of 1st period - Wrist shot by Josh Jooris.
4:04 of 1st period - Shot Misses the Net.
4:44 of 1st period - Slapshot by Cameron Gaunce.
4:44 of 1st period - Stopped by Jhonas Enroth without a rebound.
4:45 of 1st period - Brian Flynn wins face-off versus Riley Sheahan in Little Stars zone.
5:10 of 1st period - Jordie Benn is hit by Curtis Hamilton and loses puck.
5:34 of 1st period - Off-side.
5:35 of 1st period - Brian Flynn wins face-off versus Andreas Athanasiou in neutral zone.
5:44 of 1st period - Wrist shot by Joshua Leivo.
5:44 of 1st period - Deflect By Jesse Joensuu.
5:44 of 1st period - Shot Misses the Net.
5:44 of 1st period - Puck is out of play.
5:45 of 1st period - Riley Sheahan wins face-off versus Brian Flynn in Little Stars zone.
6:24 of 1st period - Dana Tyrell is hit by Andrew Shaw and loses puck.
6:46 of 1st period - Snap shot by Mathieu Perreault.
6:46 of 1st period - Stopped by Peter Mannino without a rebound.
6:47 of 1st period - Brian Flynn wins face-off versus Riley Sheahan in Mustangs zone.
6:54 of 1st period - Denis Bodrov is hit by Phil Oreskovic and loses puck.
7:43 of 1st period - Slapshot by Hugh Jessiman.
7:43 of 1st period - Shot Blocked by Rick Schofield.
7:45 of 1st period - Minor Penalty to Curtis Hamilton for Elbowing.
7:46 of 1st period - Brian Flynn wins face-off versus Riley Sheahan in Mustangs zone.
7:57 of 1st period - Snap shot by Alex Chiasson.
7:57 of 1st period - Stopped by Peter Mannino without a rebound.
7:58 of 1st period - Brian Flynn wins face-off versus Riley Sheahan in Mustangs zone.
8:23 of 1st period - Riley Sheahan is hit by Niklas Hjalmarsson and loses puck.
8:44 of 1st period - Snap shot by Tomas Tatar.
8:44 of 1st period - Shot Misses the Net.
9:40 of 1st period - Derek Joslin is hit by Jesse Joensuu and loses puck.
9:45 of 1st period - Penalty to Curtis Hamilton is over, Curtis Hamilton is back on ice.
10:21 of 1st period - Slapshot by Cameron Gaunce.
10:21 of 1st period - Stopped by Jhonas Enroth with a rebound.
12:09 of 1st period - Yannick Weber is hit by Scott Mayfield and loses puck.
12:20 of 1st period - Wrist shot by Dana Tyrell.
12:20 of 1st period - Stopped by Peter Mannino with a rebound.
12:47 of 1st period - Brian Flynn is hit by Denis Bodrov and loses puck.
13:12 of 1st period - Alexei Marchenko is hit by Michael Mersch and loses puck.
13:17 of 1st period - Snap shot by Jesper Fast.
13:17 of 1st period - Stopped by Peter Mannino with a rebound.
13:35 of 1st period - Wrist shot by Hugh Jessiman.
13:35 of 1st period - Shot Blocked by Riley Sheahan.
13:59 of 1st period - Snap shot by Riley Sheahan.
13:59 of 1st period - Goal by Riley Sheahan - Mustangs : 2 - Little Stars : 0.
14:00 of 1st period - Brian Flynn wins face-off versus Mika Zibanejad in neutral zone.
14:26 of 1st period - Phil Oreskovic is hit by Derek Joslin and loses puck.
14:51 of 1st period - Alexander Vasyunov is hit by Josh Jooris and loses puck.
15:12 of 1st period - Off-side.
15:13 of 1st period - Brian Flynn wins face-off versus Rick Schofield in neutral zone.
16:02 of 1st period - Snap shot by Hugh Jessiman.
16:02 of 1st period - Deflect By Alexander Vasyunov.
16:02 of 1st period - Shot Misses the Net.
16:02 of 1st period - Puck is out of play.
16:03 of 1st period - Jesse Joensuu wins face-off versus Josh Jooris in Mustangs zone.
16:06 of 1st period - Snap shot by Brian Flynn.
16:06 of 1st period - Stopped by Peter Mannino without a rebound.
16:07 of 1st period - Brian Flynn wins face-off versus Marcus Foligno in Mustangs zone.
16:21 of 1st period - Snap shot by Josh Jooris.
16:21 of 1st period - Stopped by Jhonas Enroth with a rebound.
16:23 of 1st period - Wrist shot by Marcus Foligno.
16:23 of 1st period - Stopped by Jhonas Enroth without a rebound.
16:24 of 1st period - Dana Tyrell wins face-off versus Mika Zibanejad in Little Stars zone.
16:24 of 1st period - Dana Tyrell is hit by Tomas Tatar.
16:27 of 1st period - Minor Penalty to Dana Tyrell for Interference.
16:28 of 1st period - Riley Sheahan wins face-off versus Alex Chiasson in Little Stars zone.
16:32 of 1st period - Snap shot by Riley Sheahan.
16:32 of 1st period - Goal by Riley Sheahan - Mustangs : 3 - Little Stars : 0.
16:33 of 1st period - Riley Sheahan wins face-off versus Brian Flynn in neutral zone.
17:19 of 1st period - Yannick Weber is hit by Jerome Samson and loses puck.
17:26 of 1st period - Wrist shot by Jerome Samson.
17:26 of 1st period - Shot Misses the Net.
17:28 of 1st period - Backhand shot by Alexei Marchenko.
17:28 of 1st period - Stopped by Jhonas Enroth without a rebound.
17:29 of 1st period - Alex Chiasson wins face-off versus Riley Sheahan in Little Stars zone.
17:38 of 1st period - Snap shot by Brian Flynn.
17:38 of 1st period - Stopped by Peter Mannino with a rebound.
17:56 of 1st period - Mika Zibanejad is hit by Cam Atkinson and loses puck.
18:01 of 1st period - Snap shot by Dana Tyrell.
18:01 of 1st period - Goal by Dana Tyrell - Mustangs : 3 - Little Stars : 1.
18:02 of 1st period - Brian Flynn wins face-off versus Riley Sheahan in neutral zone.
18:11 of 1st period - Wrist shot by Alex Chiasson.
18:11 of 1st period - Stopped by Peter Mannino with a rebound.
18:13 of 1st period - Snap shot by Alex Chiasson.
18:13 of 1st period - Shot Blocked by Derek Joslin.
18:15 of 1st period - Wrist shot by Jesse Joensuu.
18:15 of 1st period - Goal by Jesse Joensuu - Mustangs : 3 - Little Stars : 2.
18:16 of 1st period - Riley Sheahan wins face-off versus Brian Flynn in neutral zone.
18:19 of 1st period - Slapshot by Cameron Gaunce.
18:19 of 1st period - Stopped by Jhonas Enroth with a rebound.
18:37 of 1st period - Minor Penalty to Cameron Gaunce for Roughing.
18:38 of 1st period - Riley Sheahan wins face-off versus Brian Flynn in Mustangs zone.
18:38 of 1st period - Riley Sheahan is hit by Phil Oreskovic.
19:36 of 1st period - Alex Chiasson is hit by Rick Schofield and loses puck.
Goals for this period are 3 for Mustangs vs 2 for Little Stars.
Shots for this period are 11 for Mustangs vs 11 for Little Stars.
2nd period
0:01 of 2nd period - Brian Flynn wins face-off versus Riley Sheahan in neutral zone.
0:31 of 2nd period - Slapshot by Niklas Hjalmarsson.
0:31 of 2nd period - Stopped by Peter Mannino with a rebound.
0:33 of 2nd period - Snap shot by Robert Klinkhammer.
0:33 of 2nd period - Shot Misses the Net.
0:37 of 2nd period - Penalty to Cameron Gaunce is over, Cameron Gaunce is back on ice.
0:53 of 2nd period - Backhand shot by Jerome Samson.
0:53 of 2nd period - Shot Misses the Net.
1:09 of 2nd period - Andrew Shaw is hit by Jesse Joensuu and loses puck.
2:38 of 2nd period - Off-side.
2:39 of 2nd period - Dana Tyrell wins face-off versus Riley Sheahan in neutral zone.
2:44 of 2nd period - Slapshot by Phil Oreskovic.
2:44 of 2nd period - Shot Blocked by Mark Pysyk.
2:54 of 2nd period - Snap shot by Josh Jooris.
2:54 of 2nd period - Stopped by Jhonas Enroth without a rebound.
2:55 of 2nd period - Brian Flynn wins face-off versus Mika Zibanejad in Little Stars zone.
3:04 of 2nd period - Slapshot by Tomas Tatar.
3:04 of 2nd period - Stopped by Jhonas Enroth with a rebound.
3:31 of 2nd period - Slapshot by Hugh Jessiman.
3:31 of 2nd period - Shot Misses the Net.
3:33 of 2nd period - Slapshot by Yannick Weber.
3:33 of 2nd period - Shot Blocked by Mika Zibanejad.
3:43 of 2nd period - Slapshot by Riley Sheahan.
3:43 of 2nd period - Stopped by Jhonas Enroth without a rebound.
3:44 of 2nd period - Robert Klinkhammer wins face-off versus Riley Sheahan in Little Stars zone.
3:44 of 2nd period - Robert Klinkhammer is hit by Marcus Foligno.
3:56 of 2nd period - Snap shot by Dana Tyrell.
3:56 of 2nd period - Shot Misses the Net.
3:58 of 2nd period - Slapshot by Phil Oreskovic.
3:58 of 2nd period - Stopped by Peter Mannino with a rebound.
4:00 of 2nd period - Snap shot by Cam Atkinson.
4:00 of 2nd period - Stopped by Peter Mannino with a rebound.
4:18 of 2nd period - Minor Penalty to Andreas Athanasiou for Hooking.
4:19 of 2nd period - Riley Sheahan wins face-off versus Brian Flynn in Mustangs zone.
4:54 of 2nd period - Off-side.
4:55 of 2nd period - Riley Sheahan wins face-off versus Brian Flynn in neutral zone.
6:04 of 2nd period - Robert Klinkhammer is hit by Tomas Tatar and loses puck.
6:18 of 2nd period - Penalty to Andreas Athanasiou is over, Andreas Athanasiou is back on ice.
6:45 of 2nd period - Snap shot by Niklas Hjalmarsson.
6:45 of 2nd period - Shot Misses the Net.
6:51 of 2nd period - Phil Oreskovic is hit by Curtis Hamilton and loses puck.
7:42 of 2nd period - Marcus Foligno is hit by Jesse Joensuu and loses puck.
7:57 of 2nd period - Cam Atkinson is hit by Mark Pysyk and loses puck.
8:14 of 2nd period - Hugh Jessiman is hit by Alexei Marchenko and loses puck.
8:30 of 2nd period - Off-side.
8:31 of 2nd period - Daniel O'regan wins face-off versus Mika Zibanejad in neutral zone.
8:34 of 2nd period - Tomas Tatar is hit by Andrej Sustr and loses puck.
8:40 of 2nd period - Off-side.
8:41 of 2nd period - Brian Flynn wins face-off versus Riley Sheahan in neutral zone.
9:14 of 2nd period - Snap shot by Mika Zibanejad.
9:14 of 2nd period - Goal by Mika Zibanejad - Mustangs : 4 - Little Stars : 2.
9:14 of 2nd period - Peter Delmas enters game.
9:15 of 2nd period - Marcus Foligno wins face-off versus Brian Flynn in neutral zone.
9:18 of 2nd period - Brian Flynn is hit by Marcus Foligno and loses puck.
9:26 of 2nd period - Minor Penalty to Jesse Joensuu for Tripping.
9:27 of 2nd period - Riley Sheahan wins face-off versus Alex Chiasson in Little Stars zone.
9:27 of 2nd period - Snap shot by Josh Jooris.
9:27 of 2nd period - Stopped by Peter Delmas with a rebound.
9:41 of 2nd period - Slapshot by Josh Jooris.
9:41 of 2nd period - Stopped by Peter Delmas without a rebound.
9:42 of 2nd period - Riley Sheahan wins face-off versus Alex Chiasson in Little Stars zone.
9:45 of 2nd period - Slapshot by Riley Sheahan.
9:45 of 2nd period - Stopped by Peter Delmas with a rebound.
9:47 of 2nd period - Slapshot by Derek Joslin.
9:47 of 2nd period - Shot Blocked by Alex Chiasson.
9:49 of 2nd period - Slapshot by Cameron Gaunce.
9:49 of 2nd period - Shot Misses the Net.
11:26 of 2nd period - Penalty to Jesse Joensuu is over, Jesse Joensuu is back on ice.
11:30 of 2nd period - Icing by Andrew Shaw.
11:31 of 2nd period - Daniel O'regan wins face-off versus Andreas Athanasiou in Mustangs zone.
11:44 of 2nd period - Snap shot by Jesper Fast.
11:44 of 2nd period - Shot Misses the Net.
12:00 of 2nd period - Snap shot by Jesper Fast.
12:00 of 2nd period - Goal by Jesper Fast - Mustangs : 4 - Little Stars : 3.
12:01 of 2nd period - Brian Flynn wins face-off versus Riley Sheahan in neutral zone.
12:37 of 2nd period - Wrist shot by Hugh Jessiman.
12:37 of 2nd period - Stopped by Peter Mannino without a rebound.
12:38 of 2nd period - Brian Flynn wins face-off versus Mika Zibanejad in Mustangs zone.
12:49 of 2nd period - Snap shot by Brian Flynn.
12:49 of 2nd period - Stopped by Peter Mannino with a rebound.
13:27 of 2nd period - Slapshot by Phil Oreskovic.
13:27 of 2nd period - Stopped by Peter Mannino without a rebound.
13:28 of 2nd period - Daniel O'regan wins face-off versus Riley Sheahan in Mustangs zone.
13:37 of 2nd period - Snap shot by Jesper Fast.
13:37 of 2nd period - Shot Misses the Net.
13:39 of 2nd period - Slapshot by Phil Oreskovic.
13:39 of 2nd period - Shot Blocked by Derek Joslin.
13:41 of 2nd period - Wrist shot by Daniel O'regan.
13:41 of 2nd period - Shot Blocked by Josh Jooris.
13:43 of 2nd period - Wrist shot by Daniel O'regan.
13:43 of 2nd period - Deflect By Jesper Fast.
13:43 of 2nd period - Stopped by Peter Mannino with a rebound.
13:58 of 2nd period - Snap shot by Andrej Sustr.
13:58 of 2nd period - Deflect By Jesse Joensuu.
13:58 of 2nd period - Stopped by Peter Mannino with a rebound.
14:04 of 2nd period - Wrist shot by Mika Zibanejad.
14:04 of 2nd period - Shot Misses the Net.
14:10 of 2nd period - Minor Penalty to Jesse Joensuu for Hooking.
14:11 of 2nd period - Alex Chiasson wins face-off versus Riley Sheahan in Little Stars zone.
14:16 of 2nd period - Marcus Foligno is hit by Cam Atkinson and loses puck.
14:37 of 2nd period - Alex Chiasson is hit by Andrew Shaw and loses puck.
15:00 of 2nd period - Snap shot by Cameron Gaunce.
15:00 of 2nd period - Stopped by Peter Delmas with a rebound.
15:02 of 2nd period - Wrist shot by Mika Zibanejad.
15:02 of 2nd period - Stopped by Peter Delmas with a rebound.
15:12 of 2nd period - Wrist shot by Mika Zibanejad.
15:12 of 2nd period - Shot Misses the Net.
15:14 of 2nd period - Snap shot by Andrew Shaw.
15:14 of 2nd period - Stopped by Peter Delmas with a rebound.
15:16 of 2nd period - Slapshot by Mika Zibanejad.
15:16 of 2nd period - Stopped by Peter Delmas without a rebound.
15:17 of 2nd period - Riley Sheahan wins face-off versus Hugh Jessiman in Little Stars zone.
15:28 of 2nd period - Slapshot by Marcus Foligno.
15:28 of 2nd period - Goal by Marcus Foligno - Mustangs : 5 - Little Stars : 3.
15:29 of 2nd period - Riley Sheahan wins face-off versus Brian Flynn in neutral zone.
15:40 of 2nd period - Snap shot by Brian Flynn.
15:40 of 2nd period - Shot Blocked by Denis Bodrov.
15:54 of 2nd period - Phil Oreskovic is hit by Andrew Shaw and loses puck.
16:11 of 2nd period - Minor Penalty to Andrew Shaw for Hooking.
16:12 of 2nd period - Riley Sheahan wins face-off versus Brian Flynn in Mustangs zone.
16:59 of 2nd period - Dana Tyrell is hit by Mark Pysyk and loses puck.
17:39 of 2nd period - Slapshot by Derek Joslin.
17:39 of 2nd period - Stopped by Peter Delmas with a rebound.
17:51 of 2nd period - Jesse Joensuu is hit by Mark Pysyk and loses puck.
18:11 of 2nd period - Penalty to Andrew Shaw is over, Andrew Shaw is back on ice.
18:36 of 2nd period - Yannick Weber is hit by Rick Schofield and loses puck.
19:06 of 2nd period - Snap shot by Josh Jooris.
19:06 of 2nd period - Stopped by Peter Delmas with a rebound.
19:08 of 2nd period - Slapshot by Scott Mayfield.
19:08 of 2nd period - Stopped by Peter Delmas with a rebound.
19:10 of 2nd period - Slapshot by Joshua Leivo.
19:10 of 2nd period - Stopped by Peter Delmas with a rebound.
19:20 of 2nd period - Slapshot by Cameron Gaunce.
19:20 of 2nd period - Stopped by Peter Delmas with a rebound.
19:42 of 2nd period - Josh Jooris is hit by Niklas Hjalmarsson and loses puck.
Goals for this period are 2 for Mustangs vs 1 for Little Stars.
Shots for this period are 17 for Mustangs vs 9 for Little Stars.
3rd period
0:01 of 3rd period - Brian Flynn wins face-off versus Riley Sheahan in neutral zone.
0:11 of 3rd period - Icing by Niklas Hjalmarsson.
0:12 of 3rd period - Riley Sheahan wins face-off versus Brian Flynn in Little Stars zone.
0:17 of 3rd period - Snap shot by Marcus Foligno.
0:17 of 3rd period - Shot Blocked by Niklas Hjalmarsson.
0:23 of 3rd period - Backhand shot by Josh Jooris.
0:23 of 3rd period - Shot Misses the Net.
0:25 of 3rd period - Slapshot by Riley Sheahan.
0:25 of 3rd period - Stopped by Peter Delmas without a rebound.
0:26 of 3rd period - Riley Sheahan wins face-off versus Dana Tyrell in Little Stars zone.
0:41 of 3rd period - Slapshot by Dana Tyrell.
0:41 of 3rd period - Shot Misses the Net.
1:01 of 3rd period - Snap shot by Alex Chiasson.
1:01 of 3rd period - Shot Misses the Net.
1:15 of 3rd period - Snap shot by Jesper Fast.
1:15 of 3rd period - Shot Misses the Net.
1:17 of 3rd period - Slapshot by Phil Oreskovic.
1:17 of 3rd period - Deflect By Daniel O'regan.
1:17 of 3rd period - Goal by Daniel O'regan - Mustangs : 5 - Little Stars : 4.
1:18 of 3rd period - Brian Flynn wins face-off versus Riley Sheahan in neutral zone.
1:21 of 3rd period - Mark Pysyk is hit by Phil Oreskovic and loses puck.
1:27 of 3rd period - Minor Penalty to Jesse Joensuu for Hooking.
1:28 of 3rd period - Riley Sheahan wins face-off versus Alex Chiasson in Little Stars zone.
1:29 of 3rd period - Wrist shot by Marcus Foligno.
1:29 of 3rd period - Deflect By Riley Sheahan.
1:29 of 3rd period - Stopped by Peter Delmas with a rebound.
1:31 of 3rd period - Wrist shot by Josh Jooris.
1:31 of 3rd period - Shot Misses the Net.
1:33 of 3rd period - Slapshot by Derek Joslin.
1:33 of 3rd period - Deflect By Alex Chiasson.
1:33 of 3rd period - Stopped by Peter Delmas with a rebound.
2:00 of 3rd period - Off-side.
2:01 of 3rd period - Brian Flynn wins face-off versus Tomas Tatar in neutral zone.
2:33 of 3rd period - Off-side.
2:34 of 3rd period - Riley Sheahan wins face-off versus Alex Chiasson in neutral zone.
3:27 of 3rd period - Penalty to Jesse Joensuu is over, Jesse Joensuu is back on ice.
3:34 of 3rd period - Slapshot by Denis Bodrov.
3:34 of 3rd period - Shot Misses the Net.
3:42 of 3rd period - Wrist shot by Jerome Samson.
3:42 of 3rd period - Deflect By Jordie Benn.
3:42 of 3rd period - Stopped by Peter Delmas without a rebound.
3:43 of 3rd period - Mathieu Perreault wins face-off versus Mika Zibanejad in Little Stars zone.
3:54 of 3rd period - Snap shot by Mika Zibanejad.
3:54 of 3rd period - Stopped by Peter Delmas with a rebound.
3:56 of 3rd period - Wrist shot by Tomas Tatar.
3:56 of 3rd period - Stopped by Peter Delmas without a rebound.
3:57 of 3rd period - Riley Sheahan wins face-off versus Hugh Jessiman in Little Stars zone.
4:04 of 3rd period - Snap shot by Riley Sheahan.
4:04 of 3rd period - Stopped by Peter Delmas without a rebound.
4:05 of 3rd period - Hugh Jessiman wins face-off versus Riley Sheahan in Little Stars zone.
4:05 of 3rd period - Hugh Jessiman is hit by Marcus Foligno.
4:37 of 3rd period - Slapshot by Derek Joslin.
4:37 of 3rd period - Deflect By Josh Jooris.
4:37 of 3rd period - Stopped by Peter Delmas with a rebound.
4:39 of 3rd period - Slapshot by Derek Joslin.
4:39 of 3rd period - Deflect By Josh Jooris.
4:39 of 3rd period - Shot Misses the Net.
4:39 of 3rd period - Puck is out of play.
4:40 of 3rd period - Brian Flynn wins face-off versus Mika Zibanejad in Little Stars zone.
4:51 of 3rd period - Snap shot by Alex Chiasson.
4:51 of 3rd period - Stopped by Peter Mannino with a rebound.
5:09 of 3rd period - Cam Atkinson is hit by Mark Pysyk and loses puck.
5:14 of 3rd period - Slapshot by Jerome Samson.
5:14 of 3rd period - Goal by Jerome Samson - Mustangs : 6 - Little Stars : 4.
5:15 of 3rd period - Brian Flynn wins face-off versus Riley Sheahan in neutral zone.
6:33 of 3rd period - Jordie Benn is hit by Mark Pysyk and loses puck.
6:58 of 3rd period - Slapshot by Cam Atkinson.
6:58 of 3rd period - Shot Blocked by Scott Mayfield.
7:00 of 3rd period - Slapshot by Yannick Weber.
7:00 of 3rd period - Deflect By Cam Atkinson.
7:00 of 3rd period - Shot Misses the Net.
7:00 of 3rd period - Puck is out of play.
7:01 of 3rd period - Brian Flynn wins face-off versus Mika Zibanejad in Mustangs zone.
7:10 of 3rd period - Slapshot by Alex Chiasson.
7:10 of 3rd period - Stopped by Peter Mannino with a rebound.
7:12 of 3rd period - Slapshot by Andrej Sustr.
7:12 of 3rd period - Shot Blocked by Andrew Shaw.
7:26 of 3rd period - Andrew Shaw is hit by Hugh Jessiman and loses puck.
7:59 of 3rd period - Slapshot by Yannick Weber.
7:59 of 3rd period - Stopped by Peter Mannino with a rebound.
10:04 of 3rd period - Off-side.
10:05 of 3rd period - Daniel O'regan wins face-off versus Andreas Athanasiou in neutral zone.
10:05 of 3rd period - Daniel O'regan is hit by Jerome Samson.
10:26 of 3rd period - Minor Penalty to Alexei Marchenko for Hooking.
10:27 of 3rd period - Riley Sheahan wins face-off versus Brian Flynn in Mustangs zone.
10:37 of 3rd period - Off-side.
10:38 of 3rd period - Riley Sheahan wins face-off versus Alex Chiasson in neutral zone.
10:51 of 3rd period - Wrist shot by Brian Flynn.
10:51 of 3rd period - Shot Hit the Post.
10:53 of 3rd period - Wrist shot by Alex Chiasson.
10:53 of 3rd period - Stopped by Peter Mannino without a rebound.
10:54 of 3rd period - Brian Flynn wins face-off versus Riley Sheahan in Mustangs zone.
11:07 of 3rd period - Snap shot by Jesse Joensuu.
11:07 of 3rd period - Shot Misses the Net.
12:12 of 3rd period - Off-side.
12:13 of 3rd period - Brian Flynn wins face-off versus Rick Schofield in neutral zone.
12:26 of 3rd period - Penalty to Alexei Marchenko is over, Alexei Marchenko is back on ice.
12:37 of 3rd period - Jordie Benn is hit by Andreas Athanasiou and loses puck.
12:52 of 3rd period - Slapshot by Rick Schofield.
12:52 of 3rd period - Shot Misses the Net.
12:54 of 3rd period - Wrist shot by Rick Schofield.
12:54 of 3rd period - Stopped by Peter Delmas without a rebound.
12:55 of 3rd period - Rick Schofield wins face-off versus Brian Flynn in Little Stars zone.
12:56 of 3rd period - Snap shot by Francis Paré.
12:56 of 3rd period - Deflect By Rick Schofield.
12:56 of 3rd period - Stopped by Peter Delmas with a rebound.
13:01 of 3rd period - Off-side.
13:02 of 3rd period - Riley Sheahan wins face-off versus Brian Flynn in neutral zone.
13:16 of 3rd period - Minor Penalty to Mark Pysyk for Holding.
13:17 of 3rd period - Riley Sheahan wins face-off versus Brian Flynn in Mustangs zone.
13:22 of 3rd period - Wrist shot by Alex Chiasson.
13:22 of 3rd period - Shot Misses the Net.
13:24 of 3rd period - Slapshot by Niklas Hjalmarsson.
13:24 of 3rd period - Stopped by Peter Mannino with a rebound.
13:26 of 3rd period - Slapshot by Jesse Joensuu.
13:26 of 3rd period - Stopped by Peter Mannino without a rebound.
13:27 of 3rd period - Brian Flynn wins face-off versus Riley Sheahan in Mustangs zone.
14:20 of 3rd period - Snap shot by Phil Oreskovic.
14:20 of 3rd period - Stopped by Peter Mannino without a rebound.
14:21 of 3rd period - Dana Tyrell wins face-off versus Riley Sheahan in Mustangs zone.
14:28 of 3rd period - Cam Atkinson is hit by Marcus Foligno and loses puck.
14:48 of 3rd period - Icing by Cam Atkinson.
14:49 of 3rd period - Dana Tyrell wins face-off versus Riley Sheahan in Little Stars zone.
15:16 of 3rd period - Penalty to Mark Pysyk is over, Mark Pysyk is back on ice.
15:33 of 3rd period - Snap shot by Hugh Jessiman.
15:33 of 3rd period - Stopped by Peter Mannino with a rebound.
15:49 of 3rd period - Wrist shot by Jerome Samson.
15:49 of 3rd period - Stopped by Peter Delmas with a rebound.
15:51 of 3rd period - Slapshot by Derek Joslin.
15:51 of 3rd period - Shot Blocked by Jesper Fast.
15:53 of 3rd period - Slapshot by Cameron Gaunce.
15:53 of 3rd period - Deflect By Jesper Fast.
15:53 of 3rd period - Stopped by Peter Delmas with a rebound.
15:55 of 3rd period - Snap shot by Andreas Athanasiou.
15:55 of 3rd period - Stopped by Peter Delmas without a rebound.
15:56 of 3rd period - Mathieu Perreault wins face-off versus Rick Schofield in Little Stars zone.
15:58 of 3rd period - Icing by Phil Oreskovic.
15:59 of 3rd period - Rick Schofield wins face-off versus Mathieu Perreault in Little Stars zone.
16:02 of 3rd period - Slapshot by Francis Paré.
16:02 of 3rd period - Stopped by Peter Delmas with a rebound.
16:10 of 3rd period - Slapshot by Hugh Jessiman.
16:10 of 3rd period - Shot Misses the Net.
16:12 of 3rd period - Slapshot by Phil Oreskovic.
16:12 of 3rd period - Shot Blocked by Francis Paré.
16:14 of 3rd period - Wrist shot by Niklas Hjalmarsson.
16:14 of 3rd period - Shot Blocked by Denis Bodrov.
16:44 of 3rd period - Wrist shot by Cam Atkinson.
16:44 of 3rd period - Shot Misses the Net.
17:11 of 3rd period - Minor Penalty to Michael Mersch for Tripping.
17:12 of 3rd period - Alex Chiasson wins face-off versus Riley Sheahan in Little Stars zone.
17:12 of 3rd period - Alex Chiasson is hit by Marcus Foligno.
17:41 of 3rd period - Slapshot by Derek Joslin.
17:41 of 3rd period - Shot Blocked by Yannick Weber.
17:43 of 3rd period - Wrist shot by Tomas Tatar.
17:43 of 3rd period - Shot Misses the Net.
17:45 of 3rd period - Snap shot by Andrew Shaw.
17:45 of 3rd period - Shot Misses the Net.
17:47 of 3rd period - Backhand shot by Cameron Gaunce.
17:47 of 3rd period - Goal by Cameron Gaunce - Mustangs : 7 - Little Stars : 4.
17:48 of 3rd period - Marcus Foligno wins face-off versus Brian Flynn in neutral zone.
18:21 of 3rd period - Wrist shot by Mika Zibanejad.
18:21 of 3rd period - Stopped by Peter Delmas with a rebound.
18:23 of 3rd period - Snap shot by Tomas Tatar.
18:23 of 3rd period - Shot Blocked by Phil Oreskovic.
18:25 of 3rd period - Slapshot by Tomas Tatar.
18:25 of 3rd period - Stopped by Peter Delmas with a rebound.
18:37 of 3rd period - Niklas Hjalmarsson is hit by Denis Bodrov and loses puck.
18:46 of 3rd period - Wrist shot by Francis Paré.
18:46 of 3rd period - Stopped by Peter Delmas with a rebound.
19:02 of 3rd period - Niklas Hjalmarsson is hit by Alexei Marchenko and loses puck.
19:51 of 3rd period - Wrist shot by Cam Atkinson.
19:51 of 3rd period - Shot Misses the Net.
19:53 of 3rd period - Slapshot by Jordie Benn.
19:53 of 3rd period - Shot Misses the Net.
Goals for this period are 2 for Mustangs vs 1 for Little Stars.
Shots for this period are 19 for Mustangs vs 9 for Little Stars.
Back to the Top